 Dungeon Crawl Stone Soup version 0.27-a0-1149-g4505690ab0 (webtiles) character file.

Game seed: 5787690639968374492

6 chippings the Grave Robber (level 1, -1/13 HPs)
             Began as a Mummy Necromancer on May 13, 2021.
             Was a Follower of Cheibriados.
             Slain by a dart slug (2 damage)
             ... on level 1 of the Dungeon.
             The game lasted 00:01:10 (377 turns).

chippings the Grave Robber (Mummy Necromancer)       Turns: 377, Time: 00:01:10

Health: -1/13      AC:  2    Str: 13    XL:     1   Next: 75%
Magic:  2/4        EV: 12    Int: 16    God:    Cheibriados [*.....]
Gold:   0          SH:  0    Dex: 14    Spells: 5/6 levels left

rFire    x . .     SeeInvis .   b - +0 dagger
rCold    + . .     Faith    .   (no shield)
rNeg     + + +     Spirit   .   a - +0 robe
rPois    ∞         Reflect  .   (no helmet)
rElec    .         Harm     .   (no cloak)
rCorr    .         Rampage  .   (no gloves)
Will     .....                  (no boots)
Stlth    ++........             (no amulet)
HPRegen  0.04/turn              (no ring)
MPRegen  0.09/turn              (no ring)

@: very slow
A: cold resistance 1, negative energy resistance 3, torment resistance 2, heat
vulnerability 1, no potions
a: Renounce Religion, Bend Time


You were on level 1 of the Dungeon.
You worshipped Cheibriados.
Cheibriados was aware of your devotion.
You visited 1 branch of the dungeon, and saw 1 of its levels.

Inventory:

Hand Weapons
 b - a +0 dagger (weapon)
Armour
 a - a +0 robe (worn)


   Skills:
 + Level 0.1 Fighting
 - Level 1.5 Dodging
 - Level 1.5 Stealth
 + Level 3.0 Spellcasting
 + Level 4.1 Necromancy
 + Level 0.0 Invocations


You had 5 spell levels left.
You knew the following spells:

 Your Spells              Type           Power      Damage    Failure   Level
a - Pain                  Necr           60%        1d7       3%          1

Your spell library contained the following spells:

 Spells                   Type           Power      Damage    Failure   Level
 Animate Skeleton         Necr           30%        N/A       3%          1
 Vampiric Draining        Necr           7%         2d7       10%         3
 Animate Dead             Necr           7%         N/A       32%         4
 Confusing Touch          Hex            2%         N/A       50%         3
 Gell's Gravitas          Tloc           1%         N/A       50%         3
 Agony                    Necr           15%        N/A       67%         5
 Petrify                  Tmut/Erth      2%         N/A       88%         4
 Metabolic Englaciation   Hex/Ice        1%         N/A       99%         5
 Yara's Violent Unravell  Hex/Tmut       1%         3d3       99%         5


Dungeon Overview and Level Annotations

Branches:
Dungeon (1/15)

Altars:
Cheibriados


Innate Abilities, Weirdness & Mutations

You are immune to poison.
Your flesh is cold resistant. (rC+)
You are immune to negative energy. (rN+++)
You are immune to unholy pain and torment.
You are vulnerable to heat. (rF-)
You do not drink.


Message History

You add the spells Confusing Touch, Gell's Gravitas, Petrify, Metabolic Englaciation and Yara's Violent Unravelling to your library.
There is a faded altar of an unknown god here.
You cannot tell which god this altar belongs to.
Convert to them anyway?
Cheibriados accepts your prayer! Cheibriados welcomes you!
Cheibriados begins to support your attributes as your movement slows.
You can now bend time to slow others.
Cheibriados is now slowing the effects of poison on you.
Cheibriados raises the support of your attributes as your movement slows.
Found a short sword.
You see here a +0 short sword.
Found a stone staircase leading down.
Found a mace.
A dart slug comes into view.
The dart slug launches a dart at you. The slug dart hits you.
You see here a +0 mace.
You hit the dart slug but do no damage. The dart slug bites you.
You hit the dart slug.
The dart slug is lightly wounded.
The dart slug closely misses you.
You hit the dart slug.
The dart slug is moderately wounded.
The dart slug launches a dart at you. The slug dart hits you.
* * * LOW HITPOINT WARNING * * *
You hit the dart slug but do no damage.
The dart slug is moderately wounded.
Aiming: Pain (safe; 3% risk of failure)
Press: ? - help, Q - select action, (/) - cycle Shift-Dir - straight line, f - dart slug
Aim: a dart slug (moderately wounded, chance to affect: 85%)
The dart slug writhes in agony.
The dart slug bites you.
* * * LOW HITPOINT WARNING * * *
Aiming: Pain (safe; 3% risk of failure)
Press: ? - help, Q - select action, (/) - cycle Shift-Dir - straight line, f/p - dart slug
Aim: a dart slug (severely wounded, chance to affect: 85%)
The dart slug writhes in agony.
The dart slug bites you.
You die...

. .. ##### ... .....
.... ## ##### ... . .
# #.### .# #####. #.
#..@###.# ...>..
#.#####w....# ####..
...#.....####
#.#........#
######......)##......
. ........####.#
#.### ## ####.##.#
#.# # # ### # ##.#
#.# . ..#
#.##.####.##


You could see a dart slug.

Vanquished Creatures
  An endoplasm (D:1)
  A giant cockroach (D:1)
  A goblin (D:1)
  A ball python (D:1)
  A frilled lizard (D:1)
  A rat (D:1)
6 creatures vanquished.

Notes
Turn   | Place    | Note
-------+----------+-------------------------------------------
     0 | D:1      | chippings the Mummy Necromancer began the quest for the
                  | Orb.
     0 | D:1      | Reached XP level 1. HP: 13/13 MP: 4/4
   312 | D:1      | Found a faded altar of an unknown god.
   319 | D:1      | Became a worshipper of Cheibriados the Contemplative
   319 | D:1      | Reached * piety under Cheibriados
   377 | D:1      | Slain by a dart slug

Illustrated notes

Levels and vault maps discovered:
D:1:      lightli_molten_gateway, layout_loops_ring,
          ebering_ecumenical_altar_box

Skill      XL: |  1 |
---------------+----+-----
Spellcasting   | 3 |  3.0
Fighting       | |  0.1
Dodging        | |  1.5
Stealth        | |  1.5
Necromancy     | |  4.1

Action                   || total
-------------------------++-------
Melee: Dagger            ||     4
       Unarmed           ||     1
 Cast: Pain              ||    13
Dodge: Dodged            ||     1

Table legend: (Time is in decaauts)
 A = Elapsed time spent in this place.
 B = Non-inter-level travel time spent in this place.
 C = Inter-level travel time spent in this place.
 D = Time resting spent in this place.
 E = Time spent auto-exploring this place.
 F = Levels seen in this place.
 G = Mean time per level.
                   A        B        C        D        E       F      G
               +--------+--------+--------+--------+--------+-----+--------+
         Total |    395 |    395 |      0 |      0 |    254 |   1 |  395.0 |
       Dungeon |    395 |    395 |      0 |      0 |    254 |   1 |  395.0 |
               +--------+--------+--------+--------+--------+-----+--------+

Top non-repeatable levels by time:
     D:1: 395 daAuts
